2055 views
Uploaded 2022-11-17 04:25:51
Game version 1.33
40:17 long 4on4 ladder game on (8)GolemsInTheMist_LV
Saved by GIGA
2055 views
Uploaded 2022-11-17 04:25:51
Game version 1.33
40:17 long 4on4 ladder game on (8)GolemsInTheMist_LV


276 units @ 41.5k
/ 7.1k
155 buildings @ 22.7k
/ 12.3k



| Rod of Necromancy | 5 | 750 |
| Lesser Clarity Potion | 10 | 700 |
| Orb of Corruption | 1 | 375 |
| Potion of Mana | 1 | 200 |
| Scroll of Town Portal | 9 | 3150 |
| Scroll of Healing | 2 | 500 |
| Healing Salve | 7 | 700 |
| Scroll of Speed | 4 | 200 |
| total: | 39 | 6575g |
| Acolyte | 15 | 1125 | / | 0 |
| Ghoul | 1 | 120 | / | 0 |
| Crypt Fiend | 24 | 5160 | / | 960 |
| Frost Wyrm | 7 | 2695 | / | 840 |
| Goblin Zeppelin | 7 | 1680 | / | 420 |
| Goblin Shredder | 3 | 1125 | / | 300 |
| total: | 57 | 11905g | / | 2520w |
| Spirit Tower | 6 | 870 | / | 240 |
| Nerubian Tower | 1 | 100 | / | 20 |
| Graveyard | 1 | 215 | / | 0 |
| Crypt | 1 | 200 | / | 50 |
| Altar of Darkness | 1 | 180 | / | 50 |
| Ziggurat | 10 | 1500 | / | 500 |
| Tomb of Relics | 1 | 130 | / | 30 |
| Sacrificial Pit | 1 | 75 | / | 150 |
| Boneyard | 3 | 525 | / | 600 |
| Halls of the Dead | 1 | 320 | / | 210 |
| Black Citadel | 1 | 325 | / | 230 |
| total: | 18 | 2825g | / | 1380w |
| 0:01 | Acolyte |
| 0:09 | Graveyard |
| 0:10 | Crypt |
| 0:19 | Acolyte |
| 0:41 | Altar of Darkness |
| 0:55 | Ziggurat |
| 1:12 | Ghoul |
| 1:29 | Tomb of Relics |
| 1:47 | Crypt Fiend |
| 1:59 | Ziggurat |
| 2:21 | Crypt Fiend |
| 2:21 | Crypt Fiend |
| 2:21 | Crypt Fiend |
| 2:21 | Crypt Fiend |
| 2:42 | Rod of Necromancy |
| 2:47 | Death Coil |
| 3:03 | Crypt Fiend |
| 3:33 | Crypt Fiend |
| 3:54 | Ziggurat |
| 3:55 | Rod of Necromancy |
| 4:13 | Unholy Aura |
| 4:16 | Halls of the Dead |
| 5:16 | Crypt Fiend |
| 5:46 | Crypt Fiend |
| 6:08 | Spirit Tower |
| 6:08 | Spirit Tower |
| 6:09 | Spirit Tower |
| 6:32 | Crypt Fiend |
| 7:09 | Acolyte |
| 7:11 | Ziggurat |
| 7:26 | Goblin Zeppelin |
| 7:30 | Acolyte |
| 7:30 | Acolyte |
| 9:04 | Crypt Fiend |
| 9:30 | Lesser Clarity Potion |
| 9:30 | Healing Salve |
| 9:38 | Acolyte |
| 10:10 | Acolyte |
| 10:17 | Crypt Fiend |
| 10:30 | Black Citadel |
| 10:54 | Goblin Shredder |
| 10:55 | Goblin Shredder |
| 10:55 | Goblin Shredder |
| 11:20 | Scroll of Town Portal |
| 11:21 | Rod of Necromancy |
| 11:23 | Crypt Fiend |
| 11:56 | Crypt Fiend |
| 12:00 | Sacrificial Pit |
| 12:01 | Creature Attack |
| 12:03 | Death Coil |
| 12:22 | Rod of Necromancy |
| 12:27 | Crypt Fiend |
| 12:52 | Frost Nova |
| 13:01 | Boneyard |
| 13:04 | Boneyard |
| 13:05 | Ziggurat |
| 13:05 | Ziggurat |
| 13:50 | Boneyard |
| 13:53 | Improved Creature Attack |
| 14:02 | Orb of Corruption |
| 14:02 | Rod of Necromancy |
| 14:27 | Frost Armor |
| 14:28 | Impale |
| 14:31 | Web |
| 14:32 | Burrow |
| 14:33 | Creature Carapace |
| 15:11 | Unholy Aura |
| 15:17 | Goblin Zeppelin |
| 15:43 | Frost Wyrm |
| 15:43 | Crypt Fiend |
| 15:44 | Ziggurat |
| 15:47 | Ziggurat |
| 15:48 | Ziggurat |
| 16:22 | Crypt Fiend |
| 16:22 | Advanced Creature Attack |
| 16:27 | Scroll of Town Portal |
| 16:28 | Potion of Mana |
| 16:28 | Scroll of Healing |
| 16:44 | Scroll of Healing |
| 17:45 | Freezing Breath |
| 17:53 | Frost Wyrm |
| 18:05 | Frost Nova |
| 18:32 | Improved Creature Carapace |
| 18:59 | Frost Wyrm |
| 19:07 | Spiked Carapace |
| 19:26 | Spirit Tower |
| 19:27 | Spirit Tower |
| 19:55 | Scroll of Town Portal |
| 19:56 | Scroll of Speed |
| 20:28 | Scroll of Speed |
| 20:34 | Scroll of Town Portal |
| 21:07 | Scroll of Town Portal |
| 21:07 | Scroll of Town Portal |
| 21:07 | Scroll of Town Portal |
| 21:43 | Scroll of Town Portal |
| 24:45 | Impale |
| 24:57 | Goblin Zeppelin |
| 25:26 | Death Coil |
| 26:23 | Crypt Fiend |
| 26:31 | Frost Armor |
| 26:35 | Scroll of Town Portal |
| 26:35 | Healing Salve |
| 26:35 | Lesser Clarity Potion |
| 26:39 | Lesser Clarity Potion |
| 26:47 | Scroll of Speed |
| 27:35 | Frost Wyrm |
| 27:36 | Crypt Fiend |
| 28:59 | Frost Wyrm |
| 29:34 | Crypt Fiend |
| 30:18 | Healing Salve |
| 30:18 | Lesser Clarity Potion |
| 30:18 | Lesser Clarity Potion |
| 30:26 | Crypt Fiend |
| 30:49 | Acolyte |
| 30:49 | Acolyte |
| 30:49 | Acolyte |
| 30:50 | Acolyte |
| 30:50 | Acolyte |
| 30:50 | Acolyte |
| 32:08 | Goblin Zeppelin |
| 32:08 | Goblin Zeppelin |
| 32:08 | Goblin Zeppelin |
| 32:08 | Goblin Zeppelin |
| 32:17 | Crypt Fiend |
| 32:17 | Frost Wyrm |
| 32:26 | Ziggurat |
| 33:26 | Nerubian Tower |
| 33:33 | Acolyte |
| 33:33 | Acolyte |
| 34:06 | Crypt Fiend |
| 34:13 | Lesser Clarity Potion |
| 34:13 | Lesser Clarity Potion |
| 34:14 | Healing Salve |
| 37:06 | Healing Salve |
| 37:06 | Lesser Clarity Potion |
| 37:06 | Healing Salve |
| 37:06 | Lesser Clarity Potion |
| 37:06 | Lesser Clarity Potion |
| 37:07 | Crypt Fiend |
| 37:08 | Frost Wyrm |
| 37:09 | Scroll of Speed |
| 37:29 | Advanced Creature Carapace |
| 37:47 | Healing Salve |
| Right click | 1884 |
| Select group | 750 |
| Select | 689 |
| Build/train/purchase | 177 |
| Assign group | 127 |
| Use ability | 114 |
| Minimap ping | 78 |
| Misc. action | 54 |
| Chat | 35 |
| Resource trade | 15 |
| Item give/drop | 13 |
| Esc | 1 |


| Scroll of Regeneration | 2 | 200 |
| Lesser Clarity Potion | 5 | 350 |
| Mechanical Critter | 1 | 50 |
| Staff of Sanctuary | 1 | 250 |
| Orb of Fire | 1 | 325 |
| Potion of Healing | 1 | 150 |
| Potion of Mana | 1 | 200 |
| Scroll of Town Portal | 2 | 700 |
| Potion of Invisibility | 1 | 100 |
| Staff of Teleportation | 1 | 150 |
| Boots of Speed | 1 | 250 |
| Orb of Lightning | 1 | 375 |
| Healing Salve | 1 | 100 |
| total: | 19 | 3200g |
| Peasant | 10 | 750 | / | 0 |
| Footman | 4 | 540 | / | 0 |
| Gryphon Rider | 4 | 1120 | / | 280 |
| Dragonhawk Rider | 5 | 1000 | / | 150 |
| Mortar Team | 2 | 360 | / | 140 |
| Goblin Zeppelin | 1 | 240 | / | 60 |
| total: | 26 | 4010g | / | 630w |
| Scout Tower | 2 | 60 | / | 40 |
| Arcane Tower | 1 | 70 | / | 50 |
| Guard Tower | 1 | 70 | / | 50 |
| Altar of Kings | 1 | 180 | / | 50 |
| Farm | 8 | 640 | / | 160 |
| Barracks | 1 | 160 | / | 60 |
| Arcane Vault | 1 | 130 | / | 30 |
| Lumber Mill | 1 | 120 | / | 0 |
| Blacksmith | 1 | 140 | / | 60 |
| Gryphon Aviary | 2 | 280 | / | 300 |
| Arcane Sanctum | 1 | 150 | / | 140 |
| Workshop | 2 | 280 | / | 280 |
| Keep | 1 | 320 | / | 210 |
| Castle | 1 | 360 | / | 210 |
| total: | 20 | 2140g | / | 1120w |
| 0:01 | Peasant |
| 0:06 | Altar of Kings |
| 0:10 | Peasant |
| 0:19 | Farm |
| 0:22 | Barracks |
| 0:26 | Peasant |
| 0:41 | Peasant |
| 0:50 | Farm |
| 0:55 | Peasant |
| 1:16 | Peasant |
| 1:26 | Footman |
| 1:33 | Scout Tower |
| 1:39 | Peasant |
| 1:43 | Farm |
| 1:49 | Footman |
| 2:02 | Arcane Tower |
| 2:04 | Peasant |
| 2:08 | Peasant |
| 2:37 | Flame Strike |
| 2:52 | Peasant |
| 3:23 | Keep |
| 3:25 | Footman |
| 4:15 | Arcane Vault |
| 4:33 | Lumber Mill |
| 4:43 | Footman |
| 4:55 | Scroll of Regeneration |
| 4:56 | Lesser Clarity Potion |
| 4:56 | Lesser Clarity Potion |
| 5:35 | Scout Tower |
| 6:17 | Castle |
| 6:38 | Siphon Mana |
| 6:53 | Guard Tower |
| 7:39 | Gryphon Aviary |
| 7:42 | Gryphon Aviary |
| 7:51 | Scroll of Regeneration |
| 8:19 | Scroll of Town Portal |
| 8:22 | Lesser Clarity Potion |
| 8:25 | Mechanical Critter |
| 8:39 | Blacksmith |
| 8:58 | Gryphon Rider |
| 8:59 | Gryphon Rider |
| 9:02 | Farm |
| 9:33 | Farm |
| 9:38 | Improved Masonry |
| 10:13 | Gryphon Rider |
| 10:16 | Arcane Sanctum |
| 10:46 | Gryphon Rider |
| 10:56 | Farm |
| 11:09 | Dragonhawk Rider |
| 11:54 | Flame Strike |
| 12:03 | Magic Sentry |
| 12:05 | Dragonhawk Rider |
| 12:10 | Farm |
| 12:21 | Lesser Clarity Potion |
| 12:21 | Staff of Sanctuary |
| 12:22 | Scroll of Town Portal |
| 12:24 | Lesser Clarity Potion |
| 12:27 | Storm Bolt |
| 12:56 | Potion of Invisibility |
| 13:11 | Staff of Teleportation |
| 13:13 | Boots of Speed |
| 13:30 | Orb of Lightning |
| 13:54 | Healing Salve |
| 14:07 | Cloud |
| 14:10 | Dragonhawk Rider |
| 14:18 | Farm |
| 15:27 | Goblin Zeppelin |
| 16:22 | Sorceress Adept Training |
| 17:21 | Workshop |
| 18:17 | Dragonhawk Rider |
| 18:28 | Mortar Team |
| 18:35 | Sorceress Master Training |
| 18:40 | Workshop |
| 19:29 | Dragonhawk Rider |
| 19:35 | Mortar Team |
| 19:44 | Orb of Fire |
| 19:46 | Potion of Healing |
| 19:47 | Potion of Mana |
| Right click | 507 |
| Select group | 478 |
| Select | 205 |
| Build/train/purchase | 88 |
| Use ability | 31 |
| Misc. action | 29 |
| Assign group | 22 |
| Resource trade | 5 |
| Item give/drop | 3 |
Smokypimpin
(2)
(38:25) : 


| Potion of Mana | 1 | 200 |
| Orb of Lightning | 1 | 375 |
| Scroll of Town Portal | 2 | 700 |
| Scroll of Healing | 1 | 250 |
| Potion of Lesser Invulnerability | 2 | 300 |
| Periapt of Vitality | 2 | 650 |
| Circlet of Nobility | 2 | 350 |
| total: | 11 | 2825g |
| Peon | 70 | 5250 | / | 0 |
| Troll Headhunter | 9 | 1260 | / | 180 |
| Tauren | 9 | 2520 | / | 720 |
| Troll Berserker | 22 | 3080 | / | 440 |
| Demolisher | 11 | 2420 | / | 550 |
| Shaman | 9 | 1170 | / | 180 |
| Goblin Shredder | 3 | 1125 | / | 300 |
| Goblin Zeppelin | 2 | 480 | / | 120 |
| Dragonhawk Rider | 4 | 800 | / | 120 |
| total: | 139 | 18105g | / | 2610w |
| Watch Tower | 16 | 1760 | / | 1280 |
| Altar of Storms | 2 | 360 | / | 100 |
| Orc Burrow | 11 | 1760 | / | 440 |
| War Mill | 1 | 205 | / | 0 |
| Barracks | 3 | 540 | / | 150 |
| Voodoo Lounge | 2 | 260 | / | 60 |
| Great Hall | 9 | 3465 | / | 1665 |
| Spirit Lodge | 2 | 300 | / | 300 |
| Tauren Totem | 2 | 270 | / | 310 |
| Stronghold | 1 | 315 | / | 190 |
| Fortress | 1 | 325 | / | 190 |
| total: | 48 | 8920g | / | 4305w |
| 0:03 | Peon |
| 0:03 | Peon |
| 0:03 | Peon |
| 0:07 | Altar of Storms |
| 0:17 | Orc Burrow |
| 0:55 | War Mill |
| 1:01 | Barracks |
| 1:14 | Peon |
| 1:23 | Peon |
| 1:29 | Voodoo Lounge |
| 1:49 | Peon |
| 1:50 | Peon |
| 2:09 | Feral Spirit |
| 2:17 | Orc Burrow |
| 2:38 | Troll Headhunter |
| 2:38 | Troll Headhunter |
| 3:23 | Stronghold |
| 3:37 | Troll Headhunter |
| 3:37 | Troll Headhunter |
| 3:57 | Troll Headhunter |
| 4:06 | Troll Headhunter |
| 4:06 | Troll Headhunter |
| 4:32 | Troll Headhunter |
| 4:35 | Orc Burrow |
| 4:44 | Chain Lighting |
| 5:42 | Great Hall |
| 5:45 | Watch Tower |
| 5:56 | Troll Headhunter |
| 6:22 | Fortress |
| 6:58 | Goblin Shredder |
| 8:32 | Peon |
| 8:32 | Peon |
| 8:33 | Peon |
| 8:33 | Peon |
| 8:43 | Peon |
| 8:43 | Peon |
| 8:43 | Peon |
| 8:45 | Peon |
| 8:58 | Berserker Upgrade |
| 10:00 | Potion of Mana |
| 10:15 | Feral Spirit |
| 10:39 | Spirit Lodge |
| 10:42 | Peon |
| 10:44 | Tauren Totem |
| 10:50 | Spirit Lodge |
| 10:54 | Voodoo Lounge |
| 10:57 | Tauren Totem |
| 11:04 | Orc Burrow |
| 11:21 | Peon |
| 11:21 | Peon |
| 11:25 | Orc Burrow |
| 11:27 | Orc Burrow |
| 11:32 | Healing Wave |
| 12:11 | Goblin Shredder |
| 12:16 | Potion of Lesser Invulnerability |
| 12:17 | Scroll of Town Portal |
| 12:17 | Periapt of Vitality |
| 12:17 | Circlet of Nobility |
| 12:45 | Goblin Shredder |
| 13:10 | Goblin Zeppelin |
| 13:22 | Shaman Adept Training |
| 13:25 | Tauren |
| 13:26 | Tauren |
| 14:35 | Great Hall |
| 15:14 | War Stomp |
| 15:17 | Chain Lighting |
| 15:49 | Great Hall |
| 15:58 | Troll Berserker |
| 15:58 | Troll Berserker |
| 15:58 | Troll Berserker |
| 15:58 | Troll Berserker |
| 15:58 | Troll Berserker |
| 15:59 | Troll Berserker |
| 15:59 | Troll Berserker |
| 16:08 | Orc Burrow |
| 16:10 | Orc Burrow |
| 16:11 | Reinforced Defenses |
| 16:12 | Spiked Barricades |
| 16:12 | Steel Ranged Weapons |
| 16:12 | Steel Melee Weapons |
| 16:13 | Steel Armor |
| 17:25 | Potion of Lesser Invulnerability |
| 17:32 | Periapt of Vitality |
| 17:33 | Circlet of Nobility |
| 17:33 | Scroll of Town Portal |
| 17:34 | Scroll of Healing |
| 17:41 | Peon |
| 17:41 | Peon |
| 17:41 | Peon |
| 17:42 | Peon |
| 17:50 | Troll Berserker |
| 17:51 | Troll Berserker |
| 17:51 | Troll Berserker |
| 17:51 | Troll Berserker |
| 17:51 | Troll Berserker |
| 17:55 | Demolisher |
| 17:55 | Demolisher |
| 17:55 | Demolisher |
| 17:56 | Demolisher |
| 17:56 | Demolisher |
| 17:56 | Demolisher |
| 18:17 | Barracks |
| 18:21 | Improved Spiked Barricades |
| 18:24 | Tauren |
| 18:25 | Tauren |
| 18:25 | Tauren |
| 18:25 | Tauren |
| 18:31 | Shaman Master Training |
| 18:32 | Shaman |
| 18:32 | Shaman |
| 18:32 | Shaman |
| 18:32 | Shaman |
| 18:33 | Shaman |
| 18:33 | Shaman |
| 19:06 | Peon |
| 19:06 | Peon |
| 19:06 | Peon |
| 19:06 | Peon |
| 19:14 | Thorium Ranged Weapons |
| 19:18 | Barracks |
| 19:23 | Demolisher |
| 19:23 | Demolisher |
| 19:25 | Burning Oil |
| 19:28 | Demolisher |
| 19:53 | Demolisher |
| 19:54 | Demolisher |
| 20:26 | Troll Berserker |
| 20:27 | Troll Berserker |
| 20:27 | Troll Berserker |
| 20:34 | Peon |
| 20:37 | Peon |
| 21:12 | Orc Burrow |
| 21:22 | Shaman |
| 21:25 | Orc Burrow |
| 21:26 | Orc Burrow |
| 21:57 | Dragonhawk Rider |
| 21:57 | Dragonhawk Rider |
| 22:06 | Dragonhawk Rider |
| 22:06 | Dragonhawk Rider |
| 22:23 | Peon |
| 22:33 | Altar of Storms |
| 24:01 | Troll Berserker |
| 24:39 | Troll Berserker |
| 24:44 | Troll Berserker |
| 26:09 | Peon |
| 26:09 | Peon |
| 26:09 | Peon |
| 26:10 | Peon |
| 26:10 | Peon |
| 26:10 | Peon |
| 26:22 | Goblin Zeppelin |
| 27:21 | Great Hall |
| 27:24 | Great Hall |
| 27:29 | Great Hall |
| 27:34 | Great Hall |
| 28:51 | Watch Tower |
| 28:52 | Watch Tower |
| 28:53 | Watch Tower |
| 28:54 | Watch Tower |
| 28:56 | Watch Tower |
| 29:03 | Peon |
| 29:03 | Peon |
| 29:03 | Peon |
| 29:03 | Peon |
| 29:04 | Peon |
| 29:04 | Peon |
| 29:08 | Watch Tower |
| 29:47 | Peon |
| 29:47 | Peon |
| 29:47 | Peon |
| 29:48 | Peon |
| 29:48 | Peon |
| 29:54 | Peon |
| 29:54 | Peon |
| 29:54 | Peon |
| 29:57 | Peon |
| 30:18 | Watch Tower |
| 30:19 | Watch Tower |
| 30:32 | Watch Tower |
| 30:34 | Watch Tower |
| 30:35 | Watch Tower |
| 32:15 | Feral Spirit |
| 32:38 | Peon |
| 32:38 | Peon |
| 32:38 | Peon |
| 32:39 | Peon |
| 32:39 | Peon |
| 32:49 | Watch Tower |
| 32:57 | Watch Tower |
| 33:28 | Peon |
| 33:28 | Peon |
| 33:29 | Peon |
| 33:29 | Peon |
| 33:29 | Peon |
| 33:29 | Peon |
| 33:30 | Peon |
| 34:04 | Watch Tower |
| 34:05 | Peon |
| 34:05 | Peon |
| 34:05 | Peon |
| 34:06 | Peon |
| 34:06 | Peon |
| 34:06 | Peon |
| 34:06 | Peon |
| 34:06 | Peon |
| 34:12 | Watch Tower |
| 34:32 | Troll Berserker |
| 34:32 | Troll Berserker |
| 34:35 | Tauren |
| 34:35 | Tauren |
| 34:37 | Shaman |
| 34:37 | Shaman |
| 34:48 | Great Hall |
| 34:55 | Great Hall |
| 35:07 | Tauren |
| 35:08 | Troll Berserker |
| 35:10 | Troll Berserker |
| 35:33 | Orb of Lightning |
| 37:28 | Hex |
| 37:32 | Endurance Aura |
| Right click | 607 |
| Select | 571 |
| Build/train/purchase | 237 |
| Chat | 116 |
| Misc. action | 73 |
| Use ability | 33 |
| Remove unit | 26 |
| Resource trade | 18 |
| Minimap ping | 7 |
| Item give/drop | 1 |
RandomNewbs
(3)
(39:50) : 
| Healing Salve | 3 | 300 |
| Lesser Clarity Potion | 2 | 140 |
| Orb of Lightning | 2 | 750 |
| Potion of Mana | 1 | 200 |
| Scroll of Healing | 1 | 250 |
| Circlet of Nobility | 1 | 175 |
| Boots of Speed | 1 | 250 |
| total: | 11 | 2065g |
| Peon | 17 | 1275 | / | 0 |
| Shaman | 5 | 650 | / | 100 |
| Raider | 10 | 1800 | / | 400 |
| Troll Batrider | 17 | 2720 | / | 680 |
| Dragonhawk Rider | 5 | 1000 | / | 150 |
| total: | 54 | 7445g | / | 1330w |
| Watch Tower | 53 | 5830 | / | 4240 |
| War Mill | 1 | 205 | / | 0 |
| Orc Burrow | 7 | 1120 | / | 280 |
| Altar of Storms | 1 | 180 | / | 50 |
| Voodoo Lounge | 1 | 130 | / | 30 |
| Great Hall | 2 | 770 | / | 370 |
| Spirit Lodge | 1 | 150 | / | 150 |
| Beastiary | 3 | 435 | / | 420 |
| Stronghold | 1 | 315 | / | 190 |
| Fortress | 1 | 325 | / | 190 |
| total: | 69 | 8820g | / | 5540w |
| 0:02 | Peon |
| 0:02 | Peon |
| 0:02 | Peon |
| 0:20 | War Mill |
| 0:21 | Peon |
| 0:34 | Orc Burrow |
| 0:34 | Peon |
| 0:49 | Altar of Storms |
| 1:19 | Peon |
| 1:20 | Peon |
| 1:27 | Orc Burrow |
| 1:29 | Peon |
| 1:36 | Peon |
| 1:57 | Peon |
| 1:57 | Peon |
| 2:25 | Peon |
| 2:34 | Spiked Barricades |
| 2:48 | Voodoo Lounge |
| 2:50 | Wind Walk |
| 3:04 | Stronghold |
| 3:36 | Watch Tower |
| 3:37 | Steel Melee Weapons |
| 3:37 | Steel Armor |
| 4:34 | Critical Strike |
| 4:51 | Orc Burrow |
| 4:56 | Healing Salve |
| 5:29 | Fortress |
| 5:33 | Spirit Lodge |
| 5:34 | Reinforced Defenses |
| 5:36 | Circlet of Nobility |
| 5:36 | Boots of Speed |
| 6:16 | Thorium Melee Weapons |
| 6:17 | Thorium Armor |
| 7:01 | Shaman Adept Training |
| 7:10 | Beastiary |
| 7:13 | Beastiary |
| 7:16 | Wind Walk |
| 7:57 | Pillage |
| 8:11 | Shaman Master Training |
| 8:12 | Shaman |
| 8:15 | Orc Burrow |
| 8:16 | Ensnare |
| 8:16 | Raider |
| 8:28 | Raider |
| 8:28 | Raider |
| 8:50 | Raider |
| 9:08 | Raider |
| 9:18 | Healing Salve |
| 9:32 | Raider |
| 9:56 | Lesser Clarity Potion |
| 10:15 | Orb of Lightning |
| 11:20 | Arcanite Melee Weapons |
| 11:21 | Orc Burrow |
| 11:22 | Shaman |
| 11:47 | Raider |
| 11:47 | Raider |
| 12:09 | Raider |
| 12:37 | Scroll of Healing |
| 12:53 | Arcanite Armor |
| 13:19 | Watch Tower |
| 13:19 | Watch Tower |
| 13:52 | Watch Tower |
| 13:55 | Raider |
| 14:14 | Critical Strike |
| 14:30 | Orc Burrow |
| 14:31 | Improved Spiked Barricades |
| 14:32 | Shaman |
| 15:12 | Watch Tower |
| 15:16 | Watch Tower |
| 15:16 | Watch Tower |
| 15:17 | Watch Tower |
| 15:28 | Shaman |
| 15:29 | Shaman |
| 16:01 | Watch Tower |
| 16:30 | Great Hall |
| 16:33 | Orc Burrow |
| 16:46 | Orb of Lightning |
| 16:58 | Watch Tower |
| 17:01 | Watch Tower |
| 17:03 | Watch Tower |
| 17:26 | Watch Tower |
| 17:45 | Watch Tower |
| 18:11 | Watch Tower |
| 18:13 | Watch Tower |
| 18:15 | Watch Tower |
| 18:27 | Watch Tower |
| 18:28 | Watch Tower |
| 19:10 | Liquid Fire |
| 19:10 | Troll Batrider |
| 19:11 | Troll Batrider |
| 19:13 | Wind Walk |
| 19:25 | Peon |
| 19:25 | Peon |
| 19:26 | Peon |
| 19:32 | Beastiary |
| 19:39 | Watch Tower |
| 19:52 | Watch Tower |
| 20:29 | Troll Batrider |
| 20:29 | Troll Batrider |
| 21:48 | Watch Tower |
| 21:50 | Watch Tower |
| 21:53 | Watch Tower |
| 21:56 | Watch Tower |
| 21:56 | Troll Batrider |
| 22:01 | Watch Tower |
| 22:05 | Steel Ranged Weapons |
| 22:19 | Troll Batrider |
| 22:36 | Troll Batrider |
| 22:55 | Watch Tower |
| 23:04 | Watch Tower |
| 23:21 | Lesser Clarity Potion |
| 23:34 | Watch Tower |
| 23:36 | Peon |
| 24:30 | Watch Tower |
| 24:32 | Watch Tower |
| 24:32 | Watch Tower |
| 24:35 | Troll Batrider |
| 24:46 | Watch Tower |
| 24:59 | Troll Batrider |
| 25:38 | Troll Batrider |
| 25:50 | Bladestorm |
| 26:09 | Watch Tower |
| 26:09 | Watch Tower |
| 26:20 | Watch Tower |
| 26:26 | Thorium Ranged Weapons |
| 27:59 | Watch Tower |
| 27:59 | Watch Tower |
| 27:59 | Watch Tower |
| 28:27 | Watch Tower |
| 28:43 | Troll Batrider |
| 28:43 | Troll Batrider |
| 29:56 | Dragonhawk Rider |
| 29:57 | Dragonhawk Rider |
| 31:44 | Critical Strike |
| 31:58 | Great Hall |
| 32:48 | Dragonhawk Rider |
| 32:48 | Dragonhawk Rider |
| 32:48 | Dragonhawk Rider |
| 33:28 | Watch Tower |
| 33:29 | Watch Tower |
| 34:15 | Troll Batrider |
| 34:15 | Troll Batrider |
| 34:26 | Healing Salve |
| 34:30 | Potion of Mana |
| 34:38 | Watch Tower |
| 34:41 | Peon |
| 35:29 | Watch Tower |
| 35:30 | Watch Tower |
| 35:30 | Watch Tower |
| 35:32 | Watch Tower |
| 35:44 | Watch Tower |
| 36:13 | Troll Batrider |
| 36:13 | Troll Batrider |
| 36:46 | Watch Tower |
| 37:27 | Watch Tower |
| 37:28 | Watch Tower |
| 37:30 | Watch Tower |
| 37:53 | Watch Tower |
| 38:00 | Troll Batrider |
| Right click | 891 |
| Select | 624 |
| Build/train/purchase | 185 |
| Chat | 148 |
| Use ability | 86 |
| Misc. action | 58 |
| Resource trade | 15 |
| Item give/drop | 7 |
| Minimap ping | 5 |
| Remove unit | 1 |
138 units @ 14.9k
/ 2.1k
183 buildings @ 16.7k
/ 7.3k
DudeWhy
(236)
(40:14) : 

| Peasant | 24 | 1800 | / | 0 |
| Flying Machine | 23 | 2300 | / | 690 |
| Mortar Team | 5 | 900 | / | 350 |
| total: | 52 | 5000g | / | 1040w |
| Scout Tower | 9 | 270 | / | 180 |
| Arcane Tower | 1 | 70 | / | 50 |
| Guard Tower | 1 | 70 | / | 50 |
| Altar of Kings | 3 | 540 | / | 150 |
| Farm | 17 | 1360 | / | 340 |
| Lumber Mill | 1 | 120 | / | 0 |
| Town Hall | 1 | 385 | / | 205 |
| Blacksmith | 1 | 140 | / | 60 |
| Cannon Tower | 1 | 120 | / | 100 |
| Workshop | 3 | 420 | / | 420 |
| Keep | 1 | 320 | / | 210 |
| Castle | 1 | 360 | / | 210 |
| total: | 35 | 3235g | / | 1355w |
| 0:03 | Peasant |
| 0:03 | Peasant |
| 0:19 | Altar of Kings |
| 0:22 | Peasant |
| 0:35 | Farm |
| 0:37 | Peasant |
| 0:43 | Lumber Mill |
| 0:45 | Peasant |
| 0:47 | Peasant |
| 0:52 | Farm |
| 0:57 | Peasant |
| 1:17 | Scout Tower |
| 1:20 | Peasant |
| 1:20 | Peasant |
| 1:31 | Peasant |
| 1:43 | Peasant |
| 1:46 | Arcane Tower |
| 2:07 | Peasant |
| 3:01 | Storm Bolt |
| 3:08 | Peasant |
| 3:08 | Peasant |
| 3:11 | Peasant |
| 3:11 | Peasant |
| 3:38 | Town Hall |
| 3:48 | Peasant |
| 3:50 | Scout Tower |
| 3:53 | Scout Tower |
| 3:55 | Scout Tower |
| 3:58 | Scout Tower |
| 4:00 | Improved Masonry |
| 4:00 | Improved Lumber Harvesting |
| 4:02 | Peasant |
| 4:05 | Farm |
| 4:06 | Farm |
| 4:41 | Bash |
| 5:15 | Keep |
| 5:20 | Guard Tower |
| 5:22 | Peasant |
| 6:23 | Peasant |
| 6:58 | Blacksmith |
| 7:09 | Peasant |
| 7:09 | Peasant |
| 8:36 | Castle |
| 8:39 | Workshop |
| 8:41 | Workshop |
| 8:53 | Workshop |
| 9:05 | Black Gunpowder |
| 9:09 | Peasant |
| 9:09 | Peasant |
| 9:13 | Advanced Lumber Harvesting |
| 9:13 | Advanced Masonry |
| 9:43 | Flying Machine |
| 9:52 | Flak Cannons |
| 9:52 | Flare |
| 9:56 | Flying Machine |
| 10:04 | Iron Plating |
| 10:55 | Holy Light |
| 11:10 | Fragmentation Shards |
| 11:10 | Flying Machine Bombs |
| 11:35 | Refined Gunpowder |
| 11:35 | Steel Plating |
| 12:35 | Farm |
| 12:37 | Farm |
| 12:39 | Farm |
| 12:40 | Farm |
| 12:42 | Flying Machine |
| 12:42 | Flying Machine |
| 12:42 | Flying Machine |
| 12:42 | Flying Machine |
| 12:42 | Flying Machine |
| 12:43 | Flying Machine |
| 12:43 | Flying Machine |
| 13:21 | Scout Tower |
| 13:22 | Scout Tower |
| 13:23 | Scout Tower |
| 13:35 | Scout Tower |
| 13:44 | Flying Machine |
| 13:44 | Flying Machine |
| 13:54 | Imbued Gunpowder |
| 15:11 | Cannon Tower |
| 15:21 | Farm |
| 15:24 | Farm |
| 15:26 | Farm |
| 15:46 | Farm |
| 16:21 | Flying Machine |
| 16:21 | Flying Machine |
| 16:23 | Farm |
| 16:24 | Farm |
| 16:42 | Altar of Kings |
| 17:17 | Flying Machine |
| 17:17 | Flying Machine |
| 17:18 | Flying Machine |
| 17:18 | Flying Machine |
| 17:18 | Flying Machine |
| 17:18 | Flying Machine |
| 17:30 | Mithril Plating |
| 17:51 | Flying Machine |
| 19:08 | Mortar Team |
| 19:09 | Mortar Team |
| 20:06 | Farm |
| 20:08 | Farm |
| 20:10 | Farm |
| 22:14 | Storm Bolt |
| 22:17 | Divine Shield |
| 22:36 | Mortar Team |
| 24:22 | Altar of Kings |
| 26:22 | Flying Machine |
| 26:23 | Flying Machine |
| 26:23 | Flying Machine |
| 32:52 | Mortar Team |
| 32:53 | Mortar Team |
| 35:56 | Iron Forged Swords |
| Right click | 1567 |
| Select group | 682 |
| Select | 416 |
| Build/train/purchase | 93 |
| Use ability | 79 |
| Misc. action | 78 |
| Resource trade | 32 |
| Assign group | 17 |
| Minimap ping | 2 |
| Remove unit | 1 |
| Esc | 1 |


| Peasant | 15 | 1125 | / | 0 |
| Dragonhawk Rider | 6 | 1200 | / | 180 |
| total: | 21 | 2325g | / | 180w |
| Scout Tower | 80 | 2400 | / | 1600 |
| Arcane Tower | 5 | 350 | / | 250 |
| Guard Tower | 22 | 1540 | / | 1100 |
| Altar of Kings | 2 | 360 | / | 100 |
| Lumber Mill | 2 | 240 | / | 0 |
| Farm | 11 | 880 | / | 220 |
| Blacksmith | 1 | 140 | / | 60 |
| Arcane Vault | 1 | 130 | / | 30 |
| Town Hall | 2 | 770 | / | 410 |
| Gryphon Aviary | 1 | 140 | / | 150 |
| Arcane Sanctum | 1 | 150 | / | 140 |
| Keep | 1 | 320 | / | 210 |
| Castle | 1 | 360 | / | 210 |
| total: | 101 | 5210g | / | 2710w |
| 0:03 | Peasant |
| 0:04 | Peasant |
| 0:07 | Altar of Kings |
| 0:21 | Peasant |
| 0:27 | Peasant |
| 0:44 | Peasant |
| 0:49 | Lumber Mill |
| 0:55 | Peasant |
| 1:02 | Farm |
| 1:07 | Peasant |
| 1:10 | Peasant |
| 1:26 | Farm |
| 1:48 | Peasant |
| 1:57 | Improved Lumber Harvesting |
| 1:59 | Scout Tower |
| 2:10 | Scout Tower |
| 2:12 | Peasant |
| 2:13 | Peasant |
| 2:14 | Improved Masonry |
| 2:23 | Peasant |
| 2:26 | Peasant |
| 2:36 | Arcane Tower |
| 2:37 | Guard Tower |
| 2:42 | Storm Bolt |
| 3:07 | Scout Tower |
| 3:12 | Scout Tower |
| 3:16 | Farm |
| 3:32 | Keep |
| 3:42 | Guard Tower |
| 3:55 | Guard Tower |
| 3:57 | Farm |
| 4:05 | Blacksmith |
| 5:21 | Scout Tower |
| 5:22 | Scout Tower |
| 5:23 | Scout Tower |
| 5:24 | Scout Tower |
| 5:25 | Scout Tower |
| 5:26 | Scout Tower |
| 5:28 | Scout Tower |
| 5:29 | Scout Tower |
| 5:31 | Scout Tower |
| 5:32 | Scout Tower |
| 5:33 | Scout Tower |
| 5:33 | Scout Tower |
| 5:35 | Scout Tower |
| 5:37 | Scout Tower |
| 5:38 | Scout Tower |
| 5:39 | Scout Tower |
| 5:40 | Scout Tower |
| 5:40 | Scout Tower |
| 5:41 | Scout Tower |
| 5:42 | Scout Tower |
| 5:53 | Scout Tower |
| 5:53 | Scout Tower |
| 5:55 | Castle |
| 5:57 | Advanced Masonry |
| 6:06 | Guard Tower |
| 6:10 | Guard Tower |
| 6:22 | Guard Tower |
| 6:28 | Guard Tower |
| 6:35 | Bash |
| 6:49 | Guard Tower |
| 6:54 | Scout Tower |
| 6:55 | Scout Tower |
| 6:59 | Holy Light |
| 7:06 | Guard Tower |
| 7:39 | Scout Tower |
| 7:42 | Guard Tower |
| 7:48 | Guard Tower |
| 7:51 | Scout Tower |
| 7:52 | Scout Tower |
| 7:52 | Scout Tower |
| 7:53 | Scout Tower |
| 7:54 | Scout Tower |
| 7:55 | Scout Tower |
| 7:57 | Scout Tower |
| 7:58 | Scout Tower |
| 7:58 | Scout Tower |
| 7:59 | Scout Tower |
| 8:37 | Guard Tower |
| 8:47 | Guard Tower |
| 8:50 | Arcane Tower |
| 9:07 | Scout Tower |
| 9:08 | Scout Tower |
| 9:09 | Scout Tower |
| 9:09 | Scout Tower |
| 9:35 | Scout Tower |
| 9:36 | Scout Tower |
| 9:39 | Scout Tower |
| 9:39 | Scout Tower |
| 10:07 | Arcane Tower |
| 10:28 | Guard Tower |
| 10:31 | Arcane Tower |
| 10:38 | Arcane Tower |
| 11:00 | Imbued Masonry |
| 11:06 | Gryphon Aviary |
| 11:17 | Arcane Vault |
| 12:48 | Peasant |
| 12:49 | Peasant |
| 13:01 | Scout Tower |
| 13:02 | Scout Tower |
| 13:03 | Scout Tower |
| 13:04 | Scout Tower |
| 13:04 | Scout Tower |
| 13:05 | Scout Tower |
| 13:07 | Scout Tower |
| 13:16 | Scout Tower |
| 13:17 | Scout Tower |
| 13:18 | Scout Tower |
| 13:20 | Scout Tower |
| 13:21 | Scout Tower |
| 13:23 | Guard Tower |
| 13:26 | Scout Tower |
| 14:07 | Guard Tower |
| 14:15 | Arcane Sanctum |
| 14:18 | Cloud |
| 14:54 | Guard Tower |
| 14:59 | Scout Tower |
| 15:00 | Scout Tower |
| 15:01 | Scout Tower |
| 15:02 | Scout Tower |
| 15:03 | Scout Tower |
| 15:03 | Scout Tower |
| 15:04 | Scout Tower |
| 15:05 | Scout Tower |
| 15:08 | Guard Tower |
| 15:40 | Guard Tower |
| 16:32 | Guard Tower |
| 16:35 | Guard Tower |
| 17:58 | Dragonhawk Rider |
| 17:58 | Dragonhawk Rider |
| 17:58 | Dragonhawk Rider |
| 17:58 | Dragonhawk Rider |
| 18:12 | Scout Tower |
| 18:13 | Scout Tower |
| 18:14 | Scout Tower |
| 18:16 | Scout Tower |
| 18:16 | Scout Tower |
| 18:18 | Scout Tower |
| 18:18 | Scout Tower |
| 18:19 | Scout Tower |
| 18:20 | Scout Tower |
| 18:21 | Scout Tower |
| 18:23 | Scout Tower |
| 18:24 | Scout Tower |
| 18:46 | Farm |
| 18:46 | Farm |
| 18:47 | Farm |
| 21:05 | Divine Shield |
| 22:36 | Lumber Mill |
| 24:35 | Altar of Kings |
| 24:39 | Magic Sentry |
| 24:43 | Farm |
| 24:44 | Farm |
| 24:49 | Farm |
| 24:50 | Farm |
| 24:58 | Holy Light |
| 25:17 | Guard Tower |
| 26:29 | Dragonhawk Rider |
| 26:30 | Dragonhawk Rider |
| 31:53 | Holy Light |
| 32:46 | Bash |
| 35:14 | Town Hall |
| 35:20 | Town Hall |
| 36:48 | Divine Shield |
| 39:14 | Storm Bolt |
| Right click | 2546 |
| Select group | 2095 |
| Select | 536 |
| Build/train/purchase | 84 |
| Chat | 46 |
| Minimap ping | 44 |
| Use ability | 27 |
| Assign group | 25 |
| Resource trade | 9 |
| Misc. action | 2 |
| Esc | 2 |
Cabeelibob
(194)
(40:14) : 
| Lesser Clarity Potion | 10 | 700 |
| Healing Salve | 2 | 200 |
| Orb of Lightning | 1 | 375 |
| Boots of Speed | 1 | 250 |
| Staff of Teleportation | 1 | 150 |
| total: | 15 | 1675g |
| Peon | 19 | 1425 | / | 0 |
| Troll Witch Doctor | 5 | 725 | / | 125 |
| Goblin Zeppelin | 1 | 240 | / | 60 |
| total: | 25 | 2390g | / | 185w |
| Watch Tower | 5 | 550 | / | 400 |
| Altar of Storms | 3 | 540 | / | 150 |
| Orc Burrow | 5 | 800 | / | 200 |
| Voodoo Lounge | 2 | 260 | / | 60 |
| War Mill | 2 | 410 | / | 0 |
| Great Hall | 4 | 1540 | / | 740 |
| Spirit Lodge | 3 | 450 | / | 450 |
| Stronghold | 2 | 630 | / | 380 |
| Fortress | 1 | 325 | / | 190 |
| total: | 24 | 4550g | / | 2000w |
| 0:05 | Altar of Storms |
| 0:09 | Orc Burrow |
| 0:21 | Peon |
| 0:39 | Peon |
| 0:50 | Peon |
| 1:05 | Voodoo Lounge |
| 1:18 | Peon |
| 1:36 | Peon |
| 1:38 | Peon |
| 1:44 | War Mill |
| 1:46 | Peon |
| 1:52 | Peon |
| 2:08 | Orc Burrow |
| 2:18 | Wind Walk |
| 2:26 | Peon |
| 2:49 | Peon |
| 3:02 | Peon |
| 3:04 | Spiked Barricades |
| 3:32 | Watch Tower |
| 3:35 | Peon |
| 3:55 | Stronghold |
| 4:10 | Lesser Clarity Potion |
| 4:11 | Healing Salve |
| 4:23 | Peon |
| 4:38 | Boots of Speed |
| 4:39 | Staff of Teleportation |
| 5:15 | Peon |
| 5:23 | Great Hall |
| 5:27 | Watch Tower |
| 5:33 | Lesser Clarity Potion |
| 7:07 | Watch Tower |
| 7:10 | Watch Tower |
| 8:09 | Lesser Clarity Potion |
| 8:42 | Watch Tower |
| 8:51 | Orc Burrow |
| 8:54 | Orc Burrow |
| 9:01 | Lesser Clarity Potion |
| 9:37 | Voodoo Lounge |
| 10:36 | Stronghold |
| 11:54 | Altar of Storms |
| 12:13 | Great Hall |
| 12:29 | War Mill |
| 14:13 | Fortress |
| 15:23 | Lesser Clarity Potion |
| 16:38 | Orb of Lightning |
| 17:02 | Critical Strike |
| 18:14 | Altar of Storms |
| 19:30 | Spirit Lodge |
| 19:47 | Spirit Lodge |
| 19:57 | Reinforced Defenses |
| 21:29 | Peon |
| 21:30 | Peon |
| 21:30 | Peon |
| 21:30 | Peon |
| 21:31 | Peon |
| 21:36 | Lesser Clarity Potion |
| 22:26 | Spirit Lodge |
| 23:35 | Critical Strike |
| 24:30 | Witch Doctor Adept Training |
| 24:31 | Troll Witch Doctor |
| 27:04 | Witch Doctor Master Training |
| 27:04 | Troll Witch Doctor |
| 27:04 | Troll Witch Doctor |
| 27:05 | Troll Witch Doctor |
| 27:06 | Troll Witch Doctor |
| 29:30 | Lesser Clarity Potion |
| 29:34 | Healing Salve |
| 30:18 | Orc Burrow |
| 30:44 | Wind Walk |
| 31:36 | Critical Strike |
| 32:39 | Goblin Zeppelin |
| 33:35 | Lesser Clarity Potion |
| 34:36 | Great Hall |
| 37:05 | Bladestorm |
| 37:13 | Great Hall |
| 37:25 | Lesser Clarity Potion |
| 37:27 | Lesser Clarity Potion |
| 39:30 | Wind Walk |
| Right click | 1196 |
| Select | 208 |
| Misc. action | 160 |
| Select group | 143 |
| Build/train/purchase | 110 |
| Resource trade | 25 |
| Chat | 22 |
| Use ability | 21 |
| Minimap ping | 11 |
| Assign group | 5 |
| Esc | 3 |
| Remove unit | 2 |
| Item give/drop | 1 |



| Rod of Necromancy | 1 | 150 |
| Orb of Corruption | 1 | 375 |
| Lesser Clarity Potion | 1 | 70 |
| Potion of Healing | 2 | 300 |
| Potion of Mana | 1 | 200 |
| Scroll of Town Portal | 4 | 1400 |
| Staff of Teleportation | 1 | 150 |
| Periapt of Vitality | 1 | 325 |
| Circlet of Nobility | 1 | 175 |
| Scroll of Speed | 1 | 50 |
| Healing Salve | 2 | 200 |
| Tiny Great Hall | 1 | 600 |
| total: | 17 | 3995g |
| Acolyte | 23 | 1725 | / | 0 |
| Ghoul | 2 | 240 | / | 0 |
| Crypt Fiend | 6 | 1290 | / | 240 |
| Obsidian Statue | 3 | 600 | / | 105 |
| Banshee | 3 | 465 | / | 90 |
| Goblin Shredder | 1 | 375 | / | 100 |
| Goblin Zeppelin | 2 | 480 | / | 120 |
| total: | 40 | 5175g | / | 655w |
| Nerubian Tower | 3 | 300 | / | 60 |
| Spirit Tower | 3 | 435 | / | 120 |
| Crypt | 1 | 200 | / | 50 |
| Graveyard | 1 | 215 | / | 0 |
| Altar of Darkness | 2 | 360 | / | 100 |
| Ziggurat | 15 | 2250 | / | 750 |
| Tomb of Relics | 1 | 130 | / | 30 |
| Necropolis | 1 | 225 | / | 0 |
| Slaughterhouse | 1 | 140 | / | 135 |
| Temple of the Damned | 1 | 155 | / | 140 |
| Halls of the Dead | 1 | 320 | / | 210 |
| Black Citadel | 1 | 325 | / | 230 |
| total: | 23 | 3675g | / | 1205w |
| 0:02 | Acolyte |
| 0:02 | Acolyte |
| 0:10 | Crypt |
| 0:15 | Graveyard |
| 0:25 | Acolyte |
| 0:27 | Altar of Darkness |
| 0:42 | Ziggurat |
| 1:22 | Tomb of Relics |
| 1:35 | Ghoul |
| 1:54 | Crypt Fiend |
| 2:03 | Ziggurat |
| 2:13 | Crypt Fiend |
| 2:27 | Crypt Fiend |
| 2:35 | Rod of Necromancy |
| 2:40 | Death Coil |
| 2:44 | Crypt Fiend |
| 3:35 | Unholy Aura |
| 3:54 | Halls of the Dead |
| 3:55 | Crypt Fiend |
| 4:19 | Ziggurat |
| 4:44 | Crypt Fiend |
| 5:54 | Ghoul |
| 6:12 | Goblin Shredder |
| 6:28 | Death Coil |
| 7:13 | Frost Nova |
| 7:14 | Black Citadel |
| 8:11 | Scroll of Speed |
| 8:55 | Unholy Aura |
| 9:47 | Ziggurat |
| 9:53 | Frost Armor |
| 11:18 | Orb of Corruption |
| 11:26 | Acolyte |
| 11:33 | Goblin Zeppelin |
| 12:15 | Carrion Swarm |
| 12:21 | Necropolis |
| 12:43 | Healing Salve |
| 12:43 | Lesser Clarity Potion |
| 13:11 | Scroll of Town Portal |
| 13:30 | Slaughterhouse |
| 13:31 | Temple of the Damned |
| 13:52 | Nerubian Tower |
| 13:57 | Acolyte |
| 13:57 | Acolyte |
| 14:04 | Spirit Tower |
| 14:18 | Acolyte |
| 15:06 | Obsidian Statue |
| 15:06 | Destroyer Form |
| 15:06 | Banshee Adept Training |
| 15:07 | Banshee |
| 15:08 | Potion of Healing |
| 15:09 | Scroll of Town Portal |
| 15:09 | Potion of Mana |
| 15:10 | Potion of Healing |
| 15:17 | Acolyte |
| 15:19 | Ziggurat |
| 16:47 | Web |
| 17:14 | Frost Nova |
| 17:15 | Sleep |
| 17:22 | Ziggurat |
| 17:23 | Ziggurat |
| 17:24 | Ziggurat |
| 17:24 | Ziggurat |
| 17:25 | Ziggurat |
| 17:33 | Acolyte |
| 18:17 | Nerubian Tower |
| 18:17 | Spirit Tower |
| 18:22 | Acolyte |
| 18:22 | Acolyte |
| 18:22 | Acolyte |
| 18:59 | Scroll of Town Portal |
| 19:19 | Obsidian Statue |
| 19:26 | Death Coil |
| 20:17 | Acolyte |
| 20:18 | Acolyte |
| 21:09 | Storm Bolt |
| 21:26 | Healing Salve |
| 21:30 | Scroll of Town Portal |
| 22:05 | Banshee |
| 22:05 | Banshee Master Training |
| 22:14 | Staff of Teleportation |
| 22:15 | Periapt of Vitality |
| 22:16 | Circlet of Nobility |
| 22:42 | Goblin Zeppelin |
| 23:02 | Carrion Swarm |
| 23:39 | Frost Armor |
| 23:56 | Acolyte |
| 24:37 | Acolyte |
| 25:06 | Banshee |
| 26:16 | Acolyte |
| 26:16 | Acolyte |
| 26:16 | Acolyte |
| 26:16 | Acolyte |
| 26:30 | Ziggurat |
| 26:32 | Ziggurat |
| 26:35 | Acolyte |
| 26:35 | Acolyte |
| 26:35 | Acolyte |
| 28:11 | Obsidian Statue |
| 28:54 | Sleep |
| 29:07 | Tiny Great Hall |
| 30:05 | Ziggurat |
| 30:08 | Ziggurat |
| 30:37 | Brilliance Aura |
| 30:42 | Altar of Darkness |
| 30:48 | Ziggurat |
| 31:32 | Frost Nova |
| 34:07 | Carrion Swarm |
| 36:29 | Unholy Aura |
| 37:12 | Bash |
| 38:32 | Death and Decay |
| 39:52 | Inferno |
| Right click | 2652 |
| Select | 1059 |
| Select group | 1022 |
| Use ability | 237 |
| Chat | 198 |
| Assign group | 183 |
| Build/train/purchase | 154 |
| Minimap ping | 75 |
| Misc. action | 66 |
| Resource trade | 64 |
| Esc | 10 |
| Item give/drop | 6 |
⇛